 Dungeon Crawl Stone Soup version 0.31.0-11-ge490571c62 (webtiles) character file.

Game seed: 76570832122628301

71 Bnni the Trooper (level 4, -1/37 HPs)
             Began as a Formicid Fighter on Feb 8, 2024.
             Slain by Natasha (8 damage)
             ... on level 2 of the Dungeon.
             The game lasted 00:01:54 (1203 turns).

Bnni the Trooper (Formicid Fighter)                 Turns: 1203, Time: 00:01:55

Health: -1/37      AC:  6    Str: 22    XL:     4   Next: 47%
Magic:  4/4        EV:  9    Int:  8    God:
Gold:   109        SH:  6    Dex: 19    Spells: 3/3 levels left

rFire   . . .        a - +0 quarterstaff
rCold   . . .        c - +0 buckler
rNeg    . . .        b - +0 scale mail
rPois   .            (helmet unavailable)
rElec   .            (no cloak)
rCorr   .            (no gloves)
SInv    +            (no boots)
Will    .....        (no amulet) Stlth
                     m - +6 ring of dexterity
HPRegen 0.26/turn    (no ring)
MPRegen 0.09/turn

%: no passive effects
@: no status effects
A: permanent stasis, dig shafts and tunnels, antennae 3, four strong arms
a: Dig, Shaft Self


You were on level 2 of the Dungeon.
You visited 1 branch of the dungeon, and saw 2 of its levels.

You collected 109 gold pieces.

Inventory:

Hand Weapons
 a - a +0 quarterstaff (weapon)
Armour
 b - a +0 scale mail (worn)
 c - a +0 buckler (worn)
Jewellery
 m - a +6 ring of dexterity (left hand)
Scrolls
 h - 6 scrolls of identify {unknown}
 i - a scroll of blinking {unknown}
 j - a scroll of teleportation {unknown}
Potions
 d - 2 potions of might
 e - 2 potions of mutation {unknown}
 f - a potion of haste {unknown}
 g - a potion of degeneration {unknown}
 k - a potion of berserk rage {unknown}
 l - a potion of brilliance {unknown}
 n - a potion of curing {unknown}


   Skills:
 + Level 4.1 Fighting
 * Level 3.7 Staves
 - Level 3.2 Armour
 - Level 4.0 Shields


You had 3 spell levels left.
You didn't know any spells.
Your spell library was empty.

Dungeon Overview and Level Annotations

Branches:
Dungeon (2/15)

Altars:

Annotations:
D:2 Natasha


Innate Abilities, Weirdness & Mutations

You cannot be hasted, slowed, berserked, paralysed or teleported.
You can dig through walls and to a lower floor.
You have a pair of large antennae on your head. (SInv)
Your four strong arms can wield two-handed weapons with a shield.


Message History

You barely miss the goblin. The goblin closely misses you.
You hit the goblin.
The goblin is severely wounded.
The goblin hits you but does no damage.
You closely miss the goblin.
The goblin is severely wounded.
The goblin closely misses you.
You hit the goblin but do no damage.
The goblin is severely wounded.
The goblin hits you but does no damage. You block the cerulean imp's attack.
You block the goblin's attack.
You barely miss the goblin.
The goblin is severely wounded.
The cerulean imp hits you but does no damage.
The goblin hits you with a +0 dagger.
The cerulean imp hits you from afar with a +1 spear.
You hit the goblin.
You kill the goblin!
The cerulean imp barely misses you.
You closely miss Natasha.
Natasha stares at you and mumbles some strange words.
The magic dart hits you.
The cerulean imp hits you from afar with a +1 spear.
* * * LOW HITPOINT WARNING * * *
Unknown command.
You hit Natasha but do no damage. Natasha closely misses you.
The cerulean imp hits you but does no damage.
Unknown command.
You sock Natasha!
Natasha is severely wounded.
Natasha closely misses you.
The cerulean imp hits you from afar with a +1 spear.
* * * LOW HITPOINT WARNING * * *
Unknown command.
Okay, then.
You closely miss Natasha.
Natasha is severely wounded.
Natasha claws you!
You die...
Natasha curls up and begins to purr.

.................
...............#
...............#
...............#
...............#
#............$# ######
#.....5..(..## #....#
#########h#########.##.####
#....# #.@######...#......
#....#####.#...........####
#............###.##....####
#|...#######.# #.#..###....
#........<.#.###.#.## #....
#....#####.........####>...
#....# ###...............
#>...# ##.#...######)...
#....# #..#..## ####....


You could see Natasha and a cerulean imp (summoned).

Vanquished Creatures
  A gnoll (D:1)
  An adder (D:2)
  A ribbon worm (D:2)
  3 dart slugs
  3 bats (D:1)
  An endoplasm (D:1)
  A giant cockroach (D:2)
  2 goblins
  4 hobgoblins
  2 quokkas (D:1)
  9 ball pythons
  8 kobolds
  6 rats
42 creatures vanquished.

Notes
Turn   | Place    | Note
-------+----------+-------------------------------------------
     0 | D:1      | Bnni the Formicid Fighter began the quest for the Orb.
     0 | D:1      | Reached XP level 1. HP: 18/18 MP: 1/1
   157 | D:1      | Reached XP level 2. HP: 24/24 MP: 2/2
   398 | D:1      | Reached XP level 3. HP: 25/30 MP: 3/3
   953 | D:2      | Reached XP level 4. HP: 31/37 MP: 4/4
  1180 | D:2      | Noticed Natasha
  1203 | D:2      | Slain by Natasha

Illustrated notes

Levels and vault maps discovered:
D:1:      dpeg_arrival_concentric_ovals, layout_basic
D:2:      layout_rooms, shapermc_ecumenical_altar_mp_ritualfount,
          minmay_fractal_squares_gapless_5, uniq_natasha, uniq_terence

Skill      XL: |  1  2  3 |
---------------+----------+-----
Staves         | 3 |  3.7
Fighting       | 4 |  4.1
Armour         | |  3.2
Shields        | |  4.0

Action                     |  1- 3 |  4- 6 || total
---------------------------+-------+-------++-------
  Melee: Quarterstaff      |    84 |    27 ||   111
 Armour: Scale mail        |    51 |    25 ||    76
  Dodge: Dodged            |    35 |     8 ||    43
  Block: Buckler           |    27 |     5 ||    32
